[Event "DLM Youth 2024"]
[Site "Tuebingen"]
[Date "2024.10.03"]
[Round "2"]
[White "Fuhrmann, Bahne"]
[Black "Haubold, Christian"]
[Result "1-0"]
[ECO "C26"]
[WhiteElo "2146"]
[BlackElo "2084"]
[Annotator "NA RC"]
[PlyCount "61"]
[EventDate "2024.10.03"]
[EventType "team-swiss"]
[EventRounds "7"]
[EventCountry "GER"]
[SourceTitle "playchess.com"]
[Source "ChessBase"]
[SourceQuality "1"]
[TimeControl "40/5400+30:1800+30"]

1. e4 e5 2. Nc3 Nf6 3. d4 exd4 4. Qxd4 Nc6 5. Qd3 Bb4 6. Bd2 Qe7 7. O-O-O Ne5 8. Qg3 Nh5 9. Qh3 Bxc3 10. Qxc3 Ng4 11. Nh3 d6 12. f3 Ne5 13. Nf2 Nf6 14. g4 h6 15. Be2 g5 16. h4 gxh4 17. f4 Ng6 18. f5 Ne5 19. Bf4 Rh7 20. g5 hxg5 21. Bxg5 Nd5 22. Qd2 Nf6 23. Bxh4 Rxh4 24. Rxh4 Kd7 25. Nd3 b6 26. Qc3 Nxd3+ 27. cxd3 Bb7 28. Rg1 a5 29. Rh6 Ne8 30. Rg8 Rc8 31. f6 1-0

[Event "DLM Youth 2024"]
[Site "Tuebingen"]
[Date "2024.10.03"]
[Round "2"]
[White "Weber, Nikita"]
[Black "Abou Wally, Adrian"]
[Result "1-0"]
[ECO "E90"]
[WhiteElo "2130"]
[BlackElo "1991"]
[Annotator "NA RC"]
[PlyCount "63"]
[EventDate "2024.10.03"]
[EventType "team-swiss"]
[EventRounds "7"]
[EventCountry "GER"]
[SourceTitle "playchess.com"]
[Source "ChessBase"]
[SourceQuality "1"]
[TimeControl "40/5400+30:1800+30"]

1. Nf3 Nf6 2. c4 g6 3. Nc3 Bg7 4. e4 d6 5. d4 O-O 6. Bd3 Nbd7 7. h3 c5 8. d5 a6 9. O-O Rb8 10. a4 b6 11. Bf4 Ne8 12. Bh2 Nc7 13. Qe2 b5 14. axb5 axb5 15. cxb5 Nb6 16. Rab1 f5 17. e5 Kh8 18. Bc4 Nxc4 19. Qxc4 Nxb5 20. Nxb5 Ba6 21. Qh4 Bxb5 22. Ng5 h6 23. Ne6 Qe8 24. Rfe1 Rf7 25. exd6 Rb7 26. Nxc5 Ra7 27. Be5 Bxe5 28. Rxe5 Rh7 29. Rbe1 Qc8 30. Qd4 Kg8 31. dxe7 Be8 32. d6 1-0

[Event "DLM Youth 2024"]
[Site "Tuebingen"]
[Date "2024.10.03"]
[Round "2"]
[White "Braeutigam, Katerina"]
[Black "Bundan, Edward"]
[Result "1-0"]
[ECO "B20"]
[WhiteElo "2099"]
[BlackElo "1952"]
[Annotator "NA RC"]
[PlyCount "105"]
[EventDate "2024.10.03"]
[EventType "team-swiss"]
[EventRounds "7"]
[EventCountry "GER"]
[SourceTitle "playchess.com"]
[Source "ChessBase"]
[SourceQuality "1"]
[TimeControl "40/5400+30:1800+30"]

1. e4 c5 2. b3 e6 3. Bb2 d5 4. Bb5+ Bd7 5. Bxd7+ Qxd7 6. exd5 exd5 7. Nf3 Nf6 8. Qe2+ Be7 9. Bxf6 gxf6 10. c4 d4 11. d3 Nc6 12. Nh4 O-O-O 13. Qh5 Qe6+ 14. Kd2 Bd6 15. Re1 Qd7 16. g3 Ne5 17. Nf5 Bc7 18. Kc2 Rhe8 19. Nd2 Ng6 20. Ne4 Re5 21. g4 Qc6 22. Qxh7 Rf8 23. Qg7 Re6 24. h4 Rfe8 25. f3 Ne5 26. Rf1 b5 27. cxb5 Qxb5 28. Rad1 Qa5 29. Kb1 Ra6 30. Rf2 Qb6 31. Rc2 c4 32. f4 cxb3 33. Rb2 Nxd3 34. Rxb3 Qa5 35. Ned6+ Bxd6 36. Nxd6+ Rxd6 37. Qxf7 Re2 38. Qc4+ Nc5 39. Qxe2 Nxb3 40. axb3 Ra6 41. Qb2 d3 42. Rxd3 Rc6 43. Qd4 Qe1+ 44. Rd1 Qe6 45. Qd8+ Kb7 46. Qd7+ Kb6 47. Qxe6 Rxe6 48. g5 fxg5 49. hxg5 Re4 50. f5 Rf4 51. f6 Kc7 52. Rg1 Kd7 53. g6 1-0

[Event "DLM Youth 2024"]
[Site "Tuebingen"]
[Date "2024.10.03"]
[Round "2"]
[White "Foksha, Mischa"]
[Black "Butenandt, Svenja"]
[Result "1/2-1/2"]
[ECO "B12"]
[WhiteElo "2078"]
[BlackElo "2121"]
[Annotator "NA RC"]
[PlyCount "57"]
[EventDate "2024.10.03"]
[EventType "team-swiss"]
[EventRounds "7"]
[EventCountry "GER"]
[SourceTitle "playchess.com"]
[Source "ChessBase"]
[SourceQuality "1"]
[TimeControl "40/5400+30:1800+30"]

1. e4 c6 2. d4 d5 3. e5 Bf5 4. Nf3 e6 5. Be2 c5 6. Be3 Qb6 7. O-O Qxb2 8. c4 dxc4 9. Bxc4 Nc6 10. dxc5 Nge7 11. Qb3 Qxb3 12. axb3 Bg4 13. Bb5 O-O-O 14. Nbd2 Nd5 15. Bxc6 Nxe3 16. Rfc1 bxc6 17. fxe3 Bxf3 18. Nxf3 Kb7 19. Kf2 Rd5 20. b4 Be7 21. Ra3 Ra8 22. e4 Rd7 23. Ke3 a6 24. Rca1 h6 25. g3 Bd8 26. Kf4 Bc7 27. Kg4 Rdd8 28. h4 Rd7 29. Kh3 1/2-1/2

[Event "DLM Youth 2024"]
[Site "Tuebingen"]
[Date "2024.10.03"]
[Round "2"]
[White "Uhlmann, Tim"]
[Black "Walter, Richard"]
[Result "1-0"]
[ECO "B10"]
[WhiteElo "2067"]
[BlackElo "1958"]
[Annotator "NA RC"]
[PlyCount "119"]
[EventDate "2024.10.03"]
[EventType "team-swiss"]
[EventRounds "7"]
[EventCountry "GER"]
[SourceTitle "playchess.com"]
[Source "ChessBase"]
[SourceQuality "1"]
[TimeControl "40/5400+30:1800+30"]

1. e4 c6 2. Nf3 d5 3. d3 dxe4 4. dxe4 Qxd1+ 5. Kxd1 Nd7 6. Nfd2 e5 7. Nc3 Bd6 8. Nc4 Bc7 9. a4 a5 10. Be3 Ne7 11. Bd3 Ng6 12. g3 O-O 13. h4 h5 14. Be2 Nf6 15. Nb6 Rb8 16. Nxc8 Rfxc8 17. Bg5 Ng4 18. Bxg4 hxg4 19. h5 Nf8 20. Rh4 Nh7 21. Be3 Bd8 22. Rxg4 Nf6 23. Rh4 b5 24. f3 b4 25. Nb1 Nd5 26. exd5 Bxh4 27. gxh4 cxd5 28. Nd2 Rc6 29. Nb3 Ra8 30. Rc1 Rc4 31. Bf2 Kh7 32. Kd2 f6 33. Rg1 Rac8 34. Na1 Rf4 35. Ke2 d4 36. Rc1 b3 37. Nxb3 d3+ 38. cxd3 Rb8 39. Nc5 Rxb2+ 40. Ke3 Rd4 41. Bg3 Rg2 42. Bf2 Rb4 43. Be1 Rbb2 44. d4 Rbe2+ 45. Kd3 exd4 46. Kxd4 Rg1 47. Nd3 Ra2 48. Rc4 Rf1 49. Ke3 Ra3 50. Bxa5 Rfa1 51. Bc3 Rxa4 52. Rc7 Ra7 53. Bxf6 Re1+ 54. Nxe1 Rxc7 55. Bg5 Kg8 56. Nd3 Kf7 57. h6 gxh6 58. Bxh6 Kg6 59. Bg5 Kh5 60. Nf4# 1-0

[Event "DLM Youth 2024"]
[Site "Tuebingen"]
[Date "2024.10.03"]
[Round "2"]
[White "Liebold, Aaron"]
[Black "Hinrichs, Paul"]
[Result "0-1"]
[ECO "C50"]
[WhiteElo "2058"]
[BlackElo "2264"]
[Annotator "RC"]
[PlyCount "214"]
[EventDate "2024.10.03"]
[EventType "team-swiss"]
[EventRounds "7"]
[EventCountry "GER"]
[SourceTitle "playchess.com"]
[Source "ChessBase"]
[SourceQuality "1"]
[TimeControl "40/5400+30:1800+30"]

1. e4 e5 2. Nf3 Nc6 3. Bc4 Nf6 4. d3 Bc5 5. a4 d6 6. c3 a6 7. O-O Ba7 8. Be3 Bxe3 9. fxe3 O-O 10. Nbd2 Ne7 11. Qc2 Ng6 12. d4 a5 13. Rfe1 c6 14. Ba2 b5 15. Nf1 Qb6 16. Rad1 b4 17. c4 c5 18. h3 b3 19. Qxb3 Qxb3 20. Bxb3 Rb8 21. N1d2 Ba6 22. Rb1 Rb4 23. Ba2 Bb7 24. d5 Rxa4 25. Bb3 Rb4 26. Ra1 Rd8 27. Rxa5 Nxe4 28. Rea1 Nf6 29. R1a4 Rb6 30. Ra2 Ne7 31. Ba4 Rb8 32. e4 Bc8 33. b3 h6 34. Bb5 Kf8 35. Ra7 R6b7 36. Ra8 Bd7 37. Bxd7 Nxd7 38. R8a6 Nc8 39. Kf2 g6 40. g4 Ke7 41. Ra1 Ncb6 42. Ke2 Rf8 43. Rf1 Rbb8 44. Ra7 Nc8 45. Ra3 Nf6 46. Rf2 Nh7 47. Kd1 Nb6 48. Ra7+ Nd7 49. Kc2 Ra8 50. Rxa8 Rxa8 51. Kb2 Ndf6 52. Re2 h5 53. g5 Nd7 54. Nb1 f6 55. gxf6+ Ndxf6 56. Nc3 g5 57. Rg2 Rg8 58. Rg1 Kf7 59. Kc2 h4 60. Kd3 Nh5 61. Nb5 Nf4+ 62. Ke3 Rg6 63. Rh1 Nf8 64. b4 Nd7 65. bxc5 Nxc5 66. Nc7 Ke7 67. Rh2 Rg8 68. Nb5 Nd7 69. Rh1 Rg6 70. Rg1 Nxh3 71. Nxh4 Rf6 72. Rh1 gxh4 73. Rxh3 Rf4 74. Nc3 Nc5 75. Rf3 Rg4 76. Rh3 Kf6 77. Rf3+ Kg6 78. Rf8 Rg3+ 79. Rf3 Rg2 80. Nb5 Nb7 81. Rf2 Rxf2 82. Kxf2 Kg5 83. Kf3 h3 84. Kg3 h2 85. Kxh2 Kf4 86. Kg2 Kxe4 87. Kf2 Kd3 88. Na3 Kd4 89. Ke2 Na5 90. Nb5+ Kc5 91. Kd3 Nxc4 92. Nc7 Nb6 93. Ke4 Nd7 94. Na6+ Kc4 95. Nc7 Nf6+ 96. Kf5 Nxd5 97. Ne6 Ne7+ 98. Ke4 Kb5 99. Ng5 Kc5 100. Ne6+ Kc6 101. Nd8+ Kd7 102. Nf7 Ke6 103. Ng5+ Kf6 104. Nh7+ Kg7 105. Ng5 Kg6 106. Ne6 Kf6 107. Nc7 d5+ 0-1

[Event "DLM Youth 2024"]
[Site "Tuebingen"]
[Date "2024.10.03"]
[Round "2"]
[White "Udelnov, Valentin"]
[Black "Goldmann, David"]
[Result "1/2-1/2"]
[ECO "C10"]
[WhiteElo "2045"]
[BlackElo "1969"]
[Annotator "NA RC"]
[PlyCount "69"]
[EventDate "2024.10.03"]
[EventType "team-swiss"]
[EventRounds "7"]
[EventCountry "GER"]
[SourceTitle "playchess.com"]
[Source "ChessBase"]
[SourceQuality "1"]
[TimeControl "40/5400+30:1800+30"]

1. e4 e6 2. d4 d5 3. Nd2 dxe4 4. Nxe4 Nd7 5. c4 Ngf6 6. Nc3 c5 7. d5 exd5 8. cxd5 Nb6 9. Bg5 Bd6 10. Bb5+ Bd7 11. Bxd7+ Qxd7 12. Nge2 Be5 13. O-O Nfxd5 14. Ne4 O-O 15. Nxc5 Bxh2+ 16. Kxh2 Qd6+ 17. Kg1 Qxc5 18. Rc1 Qb4 19. Qd4 Qxd4 20. Nxd4 h6 21. Bh4 Rac8 22. Rcd1 f5 23. Rfe1 g5 24. Bg3 f4 25. Bh2 Rfe8 26. Kf1 Rxe1+ 27. Kxe1 Kf7 28. Bg1 Nb4 29. Nf5 Re8+ 30. Kf1 Kg6 31. g4 fxg3 32. Nxg3 Re6 33. f3 N4d5 34. Bxb6 Nxb6 35. Rd8 1/2-1/2

[Event "DLM Youth 2024"]
[Site "Tuebingen"]
[Date "2024.10.03"]
[Round "2"]
[White "Voigt, Anastasia"]
[Black "Wartenberg, Alexander"]
[Result "1/2-1/2"]
[ECO "B45"]
[WhiteElo "2037"]
[BlackElo "1857"]
[Annotator "NA RC"]
[PlyCount "109"]
[EventDate "2024.10.03"]
[EventType "team-swiss"]
[EventRounds "7"]
[EventCountry "GER"]
[SourceTitle "playchess.com"]
[Source "ChessBase"]
[SourceQuality "1"]
[TimeControl "40/5400+30:1800+30"]

1. e4 c5 2. Nf3 e6 3. d4 cxd4 4. Nxd4 Nf6 5. Nc3 Nc6 6. Ndb5 Bc5 7. Bf4 e5 8. Bg5 d6 9. Bxf6 Qxf6 10. Qd2 O-O 11. Nc7 Rb8 12. N7d5 Qd8 13. Bd3 a6 14. O-O Qh4 15. Ne3 Qg5 16. Ncd5 Nd4 17. Kh1 Ne6 18. b4 Ba7 19. Rfd1 Nf4 20. f3 Be6 21. Nxf4 exf4 22. Nc4 Bd4 23. c3 Be5 24. Nxe5 dxe5 25. Qe2 h5 26. Bc4 Qe7 27. Bd5 g5 28. a3 Kg7 29. c4 g4 30. Bxe6 Qxe6 31. Rd5 Rbd8 32. Rad1 Rxd5 33. exd5 Qf5 34. Re1 f6 35. Qe4 Qxe4 36. Rxe4 Kf7 37. Re1 Ke7 38. c5 Rd8 39. Rd1 f5 40. Kg1 Kf6 41. a4 e4 42. b5 axb5 43. axb5 Ke5 44. d6 Ke6 45. Kf2 h4 46. h3 e3+ 47. Ke2 gxh3 48. gxh3 Kd7 49. Rd4 Rc8 50. Rd5 Rf8 51. Re5 Rf7 52. Kf1 b6 53. Re7+ Rxe7 54. dxe7 Kxe7 55. c6 1/2-1/2

[Event "DLM Youth 2024"]
[Site "Tuebingen"]
[Date "2024.10.03"]
[Round "2"]
[White "Herrmann, Arthur"]
[Black "Moeller, Maurin"]
[Result "0-1"]
[ECO "B38"]
[WhiteElo "2031"]
[BlackElo "2118"]
[Annotator "NA RC"]
[PlyCount "82"]
[EventDate "2024.10.03"]
[EventType "team-swiss"]
[EventRounds "7"]
[EventCountry "GER"]
[SourceTitle "playchess.com"]
[Source "ChessBase"]
[SourceQuality "1"]
[TimeControl "40/5400+30:1800+30"]

1. e4 c5 2. Nf3 Nc6 3. d4 cxd4 4. Nxd4 g6 5. c4 Bg7 6. Be3 Nf6 7. Nc3 O-O 8. Be2 d6 9. O-O Bd7 10. Qd2 Nxd4 11. Bxd4 Bc6 12. f3 Nd7 13. Be3 a5 14. b3 Nc5 15. Rfc1 e6 16. Rab1 Be5 17. Bd4 Qe7 18. Rd1 Rfd8 19. Qe3 h5 20. Rd2 b6 21. Rbd1 Qf6 22. Bxe5 dxe5 23. Rd6 Rdc8 24. Nd5 Bxd5 25. cxd5 Rab8 26. dxe6 Nxe6 27. Bc4 Qf4 28. Qxf4 Nxf4 29. Rd7 Rf8 30. a4 g5 31. Rc7 Kg7 32. Rdd7 Rbd8 33. Rxf7+ Rxf7 34. Rxf7+ Kg6 35. Rb7 Rd1+ 36. Bf1 Rd6 37. Kf2 g4 38. Ke3 gxf3 39. Kxf3 Nd3 40. Ke3 Nc5 41. Bc4 Nxb7 0-1

[Event "DLM Youth 2024"]
[Site "Tuebingen"]
[Date "2024.10.03"]
[Round "2"]
[White "Haubold, Sebastian"]
[Black "Weihrauch, Jakob"]
[Result "1-0"]
[ECO "B90"]
[WhiteElo "2030"]
[BlackElo "2264"]
[Annotator "RC"]
[PlyCount "95"]
[EventDate "2024.10.03"]
[EventType "team-swiss"]
[EventRounds "7"]
[EventCountry "GER"]
[SourceTitle "playchess.com"]
[Source "ChessBase"]
[SourceQuality "1"]
[TimeControl "40/5400+30:1800+30"]

1. e4 c5 2. Nf3 d6 3. d4 cxd4 4. Nxd4 Nf6 5. Nc3 a6 6. Qd3 Nbd7 7. Be2 Nc5 8. Qe3 e5 9. Nb3 Ne6 10. O-O Be7 11. a4 Nf4 12. Rd1 Nxe2+ 13. Qxe2 h6 14. a5 Be6 15. Nc5 Bg4 16. f3 Bc8 17. Be3 O-O 18. N5a4 Be6 19. Nb6 Rb8 20. Rd2 Ne8 21. Rad1 f5 22. exf5 Rxf5 23. Nbd5 Bf8 24. Bb6 Qd7 25. Ne4 Rc8 26. Ne3 Rf4 27. Nc5 Rxc5 28. Bxc5 Qc6 29. Ba3 Qa4 30. Nd5 Rf7 31. Kh1 Qxa5 32. Qe4 Bxd5 33. Qxd5 b5 34. Qc6 b4 35. Qxe8 bxa3 36. bxa3 Qxa3 37. Rxd6 e4 38. Rd7 Rxd7 39. Qxd7 e3 40. Qe6+ Kh8 41. h3 Be7 42. c3 Qa4 43. Rb1 Qc2 44. Rb8+ Kh7 45. Qxe7 e2 46. Re8 Qc1+ 47. Kh2 Qf4+ 48. g3 1-0

[Event "DLM Youth 2024"]
[Site "Tuebingen"]
[Date "2024.10.03"]
[Round "2"]
[White "Kieselbach, Jannik"]
[Black "Malinowsky, Levi"]
[Result "0-1"]
[ECO "B22"]
[WhiteElo "2014"]
[BlackElo "2065"]
[Annotator "NA RC"]
[PlyCount "149"]
[EventDate "2024.10.03"]
[EventType "team-swiss"]
[EventRounds "7"]
[EventCountry "GER"]
[SourceTitle "playchess.com"]
[Source "ChessBase"]
[SourceQuality "1"]
[TimeControl "40/5400+30:1800+30"]

1. e4 c5 2. c3 d5 3. exd5 Qxd5 4. Nf3 Nc6 5. d4 Bf5 6. Na3 cxd4 7. Nxd4 Nxd4 8. Qxd4 Qxd4 9. cxd4 a6 10. Be2 Nf6 11. O-O e6 12. Nc4 Rd8 13. Be3 Be7 14. Rfd1 O-O 15. Bf3 Nd5 16. Bd2 Bc2 17. Rdc1 Ba4 18. Ne3 Bc6 19. Nxd5 Bxd5 20. Bxd5 Rxd5 21. Rc7 Bf6 22. Rxb7 Bxd4 23. Bc3 Rc8 24. Bxd4 Rxd4 25. g3 g5 26. Rb6 Rc2 27. Rxa6 Rdd2 28. Rf1 Rxb2 29. Kg2 Rxa2 30. Rxa2 Rxa2 31. h3 Kg7 32. Rb1 Kg6 33. Rb3 Rc2 34. Ra3 Rc4 35. Rb3 h5 36. Ra3 f5 37. Ra8 h4 38. gxh4 Rxh4 39. Ra3 Rb4 40. Rc3 Kf6 41. Ra3 Rd4 42. Kf3 Ke5 43. Ra5+ Rd5 44. Ra3 Rc5 45. Re3+ Kf6 46. Ra3 Rc4 47. Rb3 Ke5 48. Re3+ Kd5 49. Rd3+ Rd4 50. Ra3 e5 51. Ra5+ Ke6 52. Ra6+ Rd6 53. Ra4 e4+ 54. Kg2 Ke5 55. Ra5+ Kf4 56. Ra4 Rd2 57. Rb4 Ra2 58. Rc4 Ra5 59. Rb4 Rc5 60. Ra4 Ke5 61. Rb4 Ra5 62. Rc4 Kd5 63. Rb4 Kc5 64. Rb8 Kd4 65. Rd8+ Rd5 66. Ra8 Kc3 67. Ra3+ Kd2 68. Ra2+ Ke1 69. Ra1+ Ke2 70. Ra2+ Rd2 71. Ra5 f4 72. Rxg5 Ke1 73. h4 Rxf2+ 74. Kg1 Re2 75. Ra5 0-1

[Event "DLM Youth 2024"]
[Site "Tuebingen"]
[Date "2024.10.03"]
[Round "2"]
[White "Sheng, Ming"]
[Black "Baranyai-Molnar, Adam"]
[Result "0-1"]
[ECO "B43"]
[WhiteElo "2007"]
[BlackElo "2179"]
[Annotator "RC"]
[PlyCount "86"]
[EventDate "2024.10.03"]
[EventType "team-swiss"]
[EventRounds "7"]
[EventCountry "GER"]
[SourceTitle "playchess.com"]
[Source "ChessBase"]
[SourceQuality "1"]
[TimeControl "40/5400+30:1800+30"]

1. e4 c5 2. Nf3 e6 3. d4 cxd4 4. Nxd4 a6 5. a3 Nf6 6. Nc3 Qc7 7. Be3 Be7 8. f4 d6 9. Qf3 Nbd7 10. O-O-O h5 11. g3 b5 12. h3 Bb7 13. Bd3 Nc5 14. Kb1 Rb8 15. g4 Ba8 16. g5 Nfd7 17. f5 Ne5 18. Qe2 b4 19. axb4 Rxb4 20. Na2 Rb8 21. fxe6 fxe6 22. Ka1 Qb7 23. b4 g6 24. Rb1 Nxe4 25. Bxa6 Ng3 26. Bxb7 Nxe2 27. Bxa8 Nxd4 28. Bxd4 Rxa8 29. h4 Rf8 30. Bxe5 dxe5 31. c4 Rf4 32. c5 Bf8 33. Rb2 e4 34. Kb1 Bg7 35. Rc2 e3 36. Re2 Ra3 37. Rhe1 Bd4 38. Rd1 Rf2 39. Rxd4 Rxe2 40. Nc1 Rd2 41. Re4 Ke7 42. b5 Rc3 43. c6 Rd1 0-1

[Event "DLM Youth 2024"]
[Site "Tuebingen"]
[Date "2024.10.03"]
[Round "2"]
[White "Li, Yunqi"]
[Black "Bardorz, Jana"]
[Result "0-1"]
[ECO "D36"]
[WhiteElo "2004"]
[BlackElo "2069"]
[Annotator "NA RC"]
[PlyCount "54"]
[EventDate "2024.10.03"]
[EventType "team-swiss"]
[EventRounds "7"]
[EventCountry "GER"]
[SourceTitle "playchess.com"]
[Source "ChessBase"]
[SourceQuality "1"]
[TimeControl "40/5400+30:1800+30"]

1. d4 d5 2. c4 e6 3. Nc3 Nf6 4. cxd5 exd5 5. Bg5 Be7 6. e3 O-O 7. Bd3 h6 8. Bh4 Re8 9. Qc2 c6 10. Nf3 Ne4 11. Bxe7 Qxe7 12. O-O Bf5 13. Rab1 Nd7 14. Nd2 Nxc3 15. Qxc3 Bxd3 16. Qxd3 Nb6 17. b4 a6 18. Qb3 Nc8 19. a4 Nd6 20. Rbc1 h5 21. Nb1 Qg5 22. Rc2 Re6 23. Re2 Nf5 24. Nc3 Rae8 25. Nxd5 Nxd4 26. exd4 Rxe2 27. Nc3 Rxf2 0-1

[Event "DLM Youth 2024"]
[Site "Tuebingen"]
[Date "2024.10.03"]
[Round "2"]
[White "Mester, Philipp"]
[Black "Mueller, Maximilian"]
[Result "1/2-1/2"]
[ECO "E46"]
[WhiteElo "1996"]
[BlackElo "2030"]
[Annotator "NA RC"]
[PlyCount "79"]
[EventDate "2024.10.03"]
[EventType "team-swiss"]
[EventRounds "7"]
[EventCountry "GER"]
[SourceTitle "playchess.com"]
[Source "ChessBase"]
[SourceQuality "1"]
[TimeControl "40/5400+30:1800+30"]

1. d4 Nf6 2. c4 e6 3. Nc3 Bb4 4. e3 O-O 5. Bd2 c5 6. a3 Bxc3 7. Bxc3 Ne4 8. Rc1 b6 9. d5 Nxc3 10. Rxc3 Bb7 11. g3 exd5 12. Bg2 Qf6 13. Ne2 Nc6 14. Bxd5 Rab8 15. O-O d6 16. Qd2 Rfd8 17. Rd1 Ne5 18. f4 Nf3+ 19. Bxf3 Bxf3 20. Rd3 d5 21. cxd5 Be4 22. Nc3 Bxd3 23. Qxd3 b5 24. e4 b4 25. Na4 Rbc8 26. Qc4 g5 27. e5 Qf5 28. Rd3 bxa3 29. Rxa3 Qb1+ 30. Kg2 Rb8 31. Qd3 Qe1 32. d6 Rb4 33. Ra1 Qxa1 34. Qf5 Rxb2+ 35. Nxb2 Qxb2+ 36. Kh3 h6 37. e6 fxe6 38. Qxe6+ Kg7 39. Qe7+ Kg6 40. Qe4+ 1/2-1/2

[Event "DLM Youth 2024"]
[Site "Tuebingen"]
[Date "2024.10.03"]
[Round "2"]
[White "Kauth, Lukas"]
[Black "Semling, Johannes"]
[Result "0-1"]
[ECO "B56"]
[WhiteElo "1988"]
[BlackElo "2206"]
[Annotator "RC"]
[PlyCount "96"]
[EventDate "2024.10.03"]
[EventType "team-swiss"]
[EventRounds "7"]
[EventCountry "GER"]
[SourceTitle "playchess.com"]
[Source "ChessBase"]
[SourceQuality "1"]
[TimeControl "40/5400+30:1800+30"]

1. e4 c5 2. Nc3 Nc6 3. Nf3 d6 4. d4 cxd4 5. Nxd4 Nf6 6. f3 e5 7. Nb3 Be6 8. Nd5 Be7 9. Be3 O-O 10. c4 Qd7 11. Bd3 Rfc8 12. O-O Bd8 13. Qd2 Bxd5 14. exd5 Ne7 15. Nc1 b5 16. b3 Bb6 17. Ne2 Qd8 18. a4 bxc4 19. bxc4 Nd7 20. Ng3 Rab8 21. Rab1 Qc7 22. Ne4 f5 23. Nc3 Bxe3+ 24. Qxe3 Qc5 25. Kf2 a6 26. Qxc5 Nxc5 27. Ke3 Nb3 28. f4 e4 29. Be2 Rb4 30. Rb2 Rcb8 31. Rfb1 R4b6 32. a5 R6b7 33. c5 Nxc5 34. Rxb7 Rxb7 35. Rxb7 Nxb7 36. Bxa6 Nxa5 37. g3 Nb3 38. Bc4 Nc5 39. Nb5 Nc8 40. Kd4 Nd7 41. Nc3 Kf7 42. g4 g6 43. g5 Ke7 44. Bb5 Nc5 45. Na4 Na7 46. Nxc5 Nxb5+ 47. Kc4 dxc5 48. Kxb5 e3 0-1

[Event "DLM Youth 2024"]
[Site "Tuebingen"]
[Date "2024.10.03"]
[Round "2"]
[White "Reuter, Elisa"]
[Black "Groeschel, Karoline"]
[Result "0-1"]
[ECO "B67"]
[WhiteElo "1985"]
[BlackElo "1968"]
[Annotator "NA RC"]
[PlyCount "84"]
[EventDate "2024.10.03"]
[EventType "team-swiss"]
[EventRounds "7"]
[EventCountry "GER"]
[SourceTitle "playchess.com"]
[Source "ChessBase"]
[SourceQuality "1"]
[TimeControl "40/5400+30:1800+30"]

1. e4 c5 2. Nf3 d6 3. d4 cxd4 4. Nxd4 Nf6 5. Nc3 Nc6 6. Bg5 e6 7. Qd2 a6 8. O-O-O Bd7 9. f4 b5 10. Nxc6 Bxc6 11. Qd4 Be7 12. Be2 Rb8 13. Bf3 Qc7 14. e5 dxe5 15. Qxe5 Rc8 16. Bxf6 Bxf6 17. Qxc7 Rxc7 18. Bxc6+ Rxc6 19. Ne4 Ke7 20. Nxf6 Kxf6 21. Rd4 Rhc8 22. Rd2 R8c7 23. Rf1 h5 24. Rff2 Kf5 25. Rde2 f6 26. Re3 Rd7 27. Ra3 Rcd6 28. b4 Rc6 29. g3 Rd4 30. Rb3 g5 31. fxg5+ Kxg5 32. a3 e5 33. Rbf3 e4 34. Rf5+ Kg6 35. R5f4 Rcd6 36. Re2 f5 37. h3 Kg5 38. Re3 Rc4 39. Kb2 Rd2 40. h4+ Kf6 41. Rc3 Rxc3 42. Kxc3 Rg2 0-1

[Event "DLM Youth 2024"]
[Site "Tuebingen"]
[Date "2024.10.03"]
[Round "2"]
[White "Geist, Tim"]
[Black "Bursan, Ana-Maria"]
[Result "1-0"]
[ECO "C02"]
[WhiteElo "1977"]
[BlackElo "1769"]
[Annotator "NA RC"]
[PlyCount "75"]
[EventDate "2024.10.03"]
[EventType "team-swiss"]
[EventRounds "7"]
[EventCountry "GER"]
[SourceTitle "playchess.com"]
[Source "ChessBase"]
[SourceQuality "1"]
[TimeControl "40/5400+30:1800+30"]

1. e4 e6 2. d4 d5 3. e5 c5 4. c3 Nc6 5. Nf3 Qb6 6. Bd3 cxd4 7. O-O Bd7 8. Re1 Nge7 9. h4 h5 10. Nbd2 Nf5 11. Nb3 a5 12. Bxf5 exf5 13. Nbxd4 Bc5 14. Be3 Nxd4 15. Bxd4 Be6 16. Qa4+ Bd7 17. Qb3 Qxb3 18. axb3 b6 19. b4 Bxd4 20. Nxd4 Ke7 21. b5 Rhc8 22. Re3 Rc7 23. Rae1 Be6 24. Rd3 Rc5 25. f4 Bd7 26. Rg3 g6 27. e6 Bxb5 28. b4 axb4 29. cxb4 Rc4 30. exf7+ Kxf7 31. Nxb5 Rxb4 32. Nd6+ Kf6 33. Rge3 Rxf4 34. Ne8+ Kf7 35. Re7+ Kg8 36. Nf6+ Kf8 37. Rh7 Rfa4 38. Ree7 1-0

[Event "DLM Youth 2024"]
[Site "Tuebingen"]
[Date "2024.10.03"]
[Round "2"]
[White "Sereda, Yaroslava"]
[Black "Peglau, Paul David"]
[Result "1/2-1/2"]
[ECO "C11"]
[WhiteElo "1972"]
[BlackElo "1943"]
[Annotator "NA RC"]
[PlyCount "56"]
[EventDate "2024.10.03"]
[EventType "team-swiss"]
[EventRounds "7"]
[EventCountry "GER"]
[SourceTitle "playchess.com"]
[Source "ChessBase"]
[SourceQuality "1"]
[TimeControl "40/5400+30:1800+30"]

1. e4 e6 2. d4 d5 3. Nc3 Nf6 4. e5 Nfd7 5. f4 c5 6. Nf3 Nc6 7. Be3 cxd4 8. Nxd4 Qb6 9. Qd2 Qxb2 10. Rb1 Qa3 11. Bb5 Nxd4 12. Qxd4 Be7 13. Bxd7+ Bxd7 14. Rxb7 Rc8 15. Rb3 Qc5 16. Qxc5 Bxc5 17. Bxc5 Rxc5 18. Rb8+ Rc8 19. Rxc8+ Bxc8 20. Nb5 Bd7 21. Nd6+ Ke7 22. Kd2 Rb8 23. Kc3 Rb6 24. Rd1 a5 25. a3 Rc6+ 26. Kb2 Rb6+ 27. Kc3 Rc6+ 28. Kb2 Rb6+ 1/2-1/2

[Event "DLM Youth 2024"]
[Site "Tuebingen"]
[Date "2024.10.03"]
[Round "2"]
[White "Mader, Fabian"]
[Black "Aniol, Nico"]
[Result "1/2-1/2"]
[ECO "B32"]
[WhiteElo "1963"]
[BlackElo "1864"]
[Annotator "NA RC"]
[PlyCount "80"]
[EventDate "2024.10.03"]
[EventType "team-swiss"]
[EventRounds "7"]
[EventCountry "GER"]
[SourceTitle "playchess.com"]
[Source "ChessBase"]
[SourceQuality "1"]
[TimeControl "40/5400+30:1800+30"]

1. e4 c5 2. Nf3 Nc6 3. d4 cxd4 4. Nxd4 e5 5. Nb5 a6 6. Nd6+ Bxd6 7. Qxd6 Qe7 8. Qd1 Nf6 9. Nc3 d6 10. Bg5 Be6 11. Bd3 O-O 12. O-O h6 13. Bxf6 Qxf6 14. Qd2 Qf4 15. Rad1 Rad8 16. Qxf4 exf4 17. Be2 Rd7 18. Rd2 Rfd8 19. Rfd1 g5 20. h3 Kg7 21. Nd5 Bxd5 22. Rxd5 Ne5 23. Bg4 Nxg4 24. hxg4 f6 25. Kf1 Kf7 26. Ke2 Ke6 27. R1d4 Rc8 28. Kd3 Rc5 29. c4 Rc6 30. b4 Rc8 31. a4 b6 32. Kc3 Rc6 33. Kb3 Ke7 34. Rd1 Rdc7 35. R1d4 Rd7 36. a5 Rb7 37. b5 bxa5 38. Ka4 axb5+ 39. cxb5 Rc2 40. Rd2 Rc1 1/2-1/2

[Event "DLM Youth 2024"]
[Site "Tuebingen"]
[Date "2024.10.03"]
[Round "2"]
[White "Bauer, Laura Sophie"]
[Black "Albrecht, Neil"]
[Result "1-0"]
[ECO "B90"]
[WhiteElo "1943"]
[BlackElo "1997"]
[Annotator "NA RC"]
[PlyCount "109"]
[EventDate "2024.10.03"]
[EventType "team-swiss"]
[EventRounds "7"]
[EventCountry "GER"]
[SourceTitle "playchess.com"]
[Source "ChessBase"]
[SourceQuality "1"]
[TimeControl "40/5400+30:1800+30"]

1. e4 c5 2. Nf3 d6 3. d4 cxd4 4. Nxd4 Nf6 5. Nc3 a6 6. Bd3 e5 7. Nde2 Be7 8. O-O Be6 9. f4 Qc7 10. Ng3 Nbd7 11. f5 Bc4 12. Be3 b5 13. Qe2 Rc8 14. Rac1 h5 15. b3 Bxd3 16. cxd3 Qb7 17. Qf3 Nc5 18. Rfd1 b4 19. Bxc5 bxc3 20. Bf2 Bd8 21. h3 Bb6 22. Rc2 Bd4 23. Bxd4 exd4 24. Qf2 O-O 25. Qxd4 Rc6 26. Rdc1 Rfc8 27. Rxc3 Rxc3 28. Rxc3 Rxc3 29. Qxc3 Qb6+ 30. Kf1 Qe3 31. Ne2 Kh7 32. Qd4 Qd2 33. Kf2 Kg8 34. a4 h4 35. Qc3 Qd1 36. Qc8+ Kh7 37. Qxa6 Qd2 38. Qc4 Nd7 39. Qc3 Qd1 40. d4 Nf6 41. Qe3 Qc2 42. Kf3 d5 43. Nc3 dxe4+ 44. Nxe4 Qd1+ 45. Kf2 Nd5 46. Ng5+ Kh6 47. Nxf7+ Kh7 48. Ng5+ Kh6 49. Nf7+ Kh7 50. Qe4 Qd2+ 51. Kg1 Nf4 52. f6+ g6 53. Ng5+ Kh6 54. f7 Kxg5 55. Qe5+ 1-0